Map: Pride of Altaris LE

Players

SKTrashCan

  • Race: Zerg Zerg
  • League: Diamond
  • Spawn Location: 11:00

Reveral - Winner!

  • Race: Terran Terran
  • League: Diamond
  • Spawn Location: 5:00

VOD

Have the link to the VOD?

Description

Time

  • Played on: July 10, 2022, 5:50 p.m.
  • Length: 7:26
Show
View Real Time Build Order
Export as new Build Order

SKTrashCan Zerg 

Build Orders: Pool First, Zergling Baneling 

Get SALT Encoding   

  12  0:00  Drone  
  13  0:12  Drone  
  14  0:18  Extractor  
  14  0:19  Drone  
  14  0:34  Spawning Pool  
  13  0:37  Extractor, Drone  
  13  0:41  Drone  
  15  0:49  Overlord  
  15  1:08  Drone x2  
  15  1:10  Drone  
  18  1:20  Queen  
  18  1:24  Metabolic Boost  
  20  1:31  Zergling x2  
  20  1:32  Zergling x2  
  22  1:51  Hatchery  
  21  2:00  Overlord  
  21  2:05  Drone  
  22  2:15  Burrow  
  22  2:27  Drone x2  
  23  2:30  Extractor  
  23  2:31  Drone x2  
  23  2:32  Zergling x2  
  23  2:33  Zergling x2  
  25  2:41  Baneling Nest  
  24  2:57  Zergling x4  
  26  3:07  Zergling x2  
  27  3:14  Drone x2  
  29  3:22  Drone x3  
  29  3:23  Drone  
  33  3:29  Spore Crawler  
  33  3:30  Queen  
  33  3:31  Queen  
  36  3:37  Overlord  
  37  3:44  Overlord  
  37  4:07  Baneling x9  
  37  4:08  Baneling  
  37  4:15  Zergling x2  
  37  4:16  Zergling x10  
  42  4:37  Baneling  
  38  4:39  Baneling x5  
  38  4:40  Baneling  
  38  4:49  Drone x2  
  38  4:50  Drone x8  
  44  5:17  Zergling x4  
  44  5:18  Zergling x6  
  49  5:22  Zergling x4  
  49  5:24  Lair, Overlord  
  49  5:25  Overlord x3  
  51  5:46  Zergling x2  
  51  5:47  Zergling x6  
  53  6:02  Zergling x4  
  53  6:03  Zergling x10  
  60  6:08  Queen  
  49  6:27  Zergling x2, Spire  
  49  6:28  Zergling x14  
  52  6:42  Zergling x4  
  41  7:03  Zergling x2  
Show
View Real Time Build Order
Export as new Build Order

Reveral Terran - Winner!

Build Orders: Reaper Expand 

Get SALT Encoding   

  12  0:00  SCV  
  13  0:12  SCV  
  14  0:17  Supply Depot  
  14  0:24  SCV  
  15  0:38  SCV  
  15  0:39  Barracks  
  16  0:43  Refinery  
  16  0:50  SCV  
  17  1:02  SCV  
  18  1:15  SCV  
  19  1:27  Orbital Command, Reaper  
  20  1:40  Command Center  
  20  1:49  Refinery  
  20  1:53  SCV  
  21  1:59  Supply Depot, Barracks Reactor  
  21  2:06  SCV  
  22  2:18  SCV  
  23  2:31  SCV  
  24  2:37  Reaper  
  24  2:38  Reaper  
  24  2:42  Factory  
  24  2:43  SCV  
  27  2:51  Orbital Command  
  27  2:55  SCV  
  28  3:07  SCV  
  28  3:10  Reaper x2  
  30  3:25  SCV x2  
  32  3:32  Factory Reactor  
  32  3:37  SCV  
  32  3:40  Factory  
  33  3:48  Command Center  
  33  3:51  Reaper  
  33  3:52  SCV, Reaper  
  33  3:53  SCV  
  37  4:09  Hellion x2  
  42  4:10  SCV x2  
  43  4:17  Supply Depot  
  43  4:22  SCV  
  44  4:24  SCV  
  45  4:31  Hellion  
  45  4:35  Factory Tech Lab  
  46  4:39  SCV, Hellion  
  46  4:42  SCV, Armory  
  50  4:46  Supply Depot  
  50  4:48  Supply Depot, Refinery  
  50  4:49  Refinery  
  50  4:51  SCV  
  51  4:53  Infernal Pre-Igniter  
  51  4:54  SCV  
  51  4:55  Hellion  
  54  5:08  SCV, Hellion x2  
  57  5:22  Hellion  
  57  5:25  Supply Depot  
  57  5:26  Supply Depot  
  59  5:30  SCV, Hellion x2  
  59  5:31  SCV  
  65  5:43  SCV x2, Barracks, Widow Mine  
  69  5:51  Widow Mine  
  69  5:53  Orbital Command  
  69  5:55  SCV  
  72  6:02  Hellion  
  74  6:06  Barracks  
  74  6:07  Engineering Bay  
  74  6:08  Starport  
  72  6:25  Cyclone  
  72  6:27  Marine x2, Widow Mine x2  
  72  6:32  Engineering Bay  
  81  6:45  Command Center, Marine x2  
  81  6:46  Marine  
  82  7:00  Marine  
  82  7:03  Marine x2  
  82  7:04  Marine  
Tags
 
Add a new tag
Caveats
  • Supply blocks, unpowered buildings, or Contaminate may cause inaccurate times.
  • Supply counts are checked every 10 seconds.